 Dungeon Crawl Stone Soup version 0.30-a0-219-gf2db51d15e (webtiles) character file.

Game seed: 14371640777242487028

2136 Flugkiller the Nimble (level 9, -9/79 HPs)
             Began as a Meteoran Chaos Knight on Oct 6, 2022.
             Was a Plaything of Xom.
             Mangled by a centaur
             ... wielding the +5 long sword "Xeluypuam" {speed, *Rage rPois Will++}
              (12 damage)
             ... on level 7 of the Dungeon.
             The game lasted 00:12:25 (3132 turns).

Flugkiller the Nimble (Meteoran Chaos Knight)       Turns: 3132, Time: 00:12:25

Health: -9/79      AC:  6    Str: 14    XL:     9   Next: 85%
Magic:  10/10      EV: 15    Int: 17    God:    Xom [.....*]
Gold:   382        SH:  5    Dex: 15    Spells: 8/8 levels left

rFire   + . .      SeeInvis .    F - +3 rapier
rCold   . . .      Faith    .    I - +0 buckler
rNeg    + . .      Spirit   .    b - +2 leather armour
rPois   .          Reflect  .    k - +0 helmet
rElec   .          Harm     .    (no cloak)
rCorr   .          Rampage  .    (no gloves)
Will    +....                    (no boots)
Stlth   +.........               D - amulet of magic regeneration
HPRegen 0.33/turn                u - ring of positive energy
MPRegen 0.52/turn                p - ring of protection from fire

@: glowing
A: sense surroundings 2, otherworldly, glowing, explore regen
a: Renounce Religion


You were on level 7 of the Dungeon.
You worshipped Xom.
You were Xom's teddy bear.
You visited 1 branch of the dungeon, and saw 7 of its levels.
You also visited: Ossuary.

You collected 382 gold pieces.

Inventory:

Hand Weapons
 a - a +0 short sword of chaos
 h - a +1 short sword of flaming
   (You took it off a kobold on level 1 of the Dungeon)
 F - a +3 rapier (weapon)
   (You took it off an orc on level 6 of the Dungeon)
 K - a +1 dagger of venom
   (You took it off a kobold on level 6 of the Dungeon)
Missiles
 x - 4 boomerangs
 E - 2 throwing nets
Armour
 b - a +2 leather armour (worn)
 k - a +0 helmet (worn)
   (You found it on level 1 of the Dungeon)
 H - a +0 hat
   (You found it on level 5 of the Dungeon)
 I - a +0 buckler (worn)
   (You found it on level 6 of the Dungeon)
 M - the +2 robe of Viexteymp {Harm rN+ Archmagi}
   (You found it on level 7 of the Dungeon)

   rN:        It protects you from negative energy.
   Harm:      It increases damage dealt and taken.
   Archmagi:  It increases the power of your magical spells.
Jewellery
 p - a ring of protection from fire (right hand)
   (You found it on level 6 of the Dungeon)
 u - a ring of positive energy (left hand)
   (You found it on level 2 of the Dungeon)
 D - an amulet of magic regeneration (around neck)
   (You found it on level 5 of the Dungeon)
Wands
 i - a wand of acid (4)
   (You found it on level 2 of the Dungeon)
 y - a wand of paralysis (10)
   (You found it on level 3 of the Dungeon)
 O - a wand of flame (13)
   (You found it on level 7 of the Dungeon)
Scrolls
 j - a scroll of magic mapping
 q - a scroll of torment
 r - a scroll of identify
 s - 2 scrolls of immolation
 t - 2 scrolls of teleportation
 v - 2 scrolls of vulnerability
 A - a scroll of poison {unknown}
 B - a scroll of amnesia {unknown}
 C - a scroll of butterflies {unknown}
 J - a scroll of noise {unknown}
 L - a scroll of enchant armour {unknown}
 N - a scroll of silence {unknown}
Potions
 d - a potion of attraction {unknown}
 e - a potion of berserk rage {unknown}
 f - 3 potions of magic {unknown}
 g - a potion of brilliance {unknown}
 l - 2 potions of mutation
 m - 3 potions of curing {unknown}
 n - 3 potions of resistance
 o - a potion of haste {unknown}
 w - 2 potions of heal wounds {unknown}
 z - 3 potions of ambrosia {unknown}
 G - 6 potions of flight {unknown}
 P - a potion of lignification {unknown}
Miscellaneous
 c - a piece from Xom's chessboard (15/15) (quivered)


   Skills:
 - Level 7.0 Fighting
 - Level 3.2(4.2) Short Blades
 - Level 4.3(5.0) Long Blades
 - Level 2.4 Armour
 + Level 8.4 Dodging
 + Level 4.2 Shields
 + Level 6.8 Evocations


You had 8 spell levels left.
You didn't know any spells.
Your spell library contained the following spells:

 Spells                   Type           Power      Damage    Failure   Level
 Iskenderun's Battlesphe  Conj           0%         2d6       100%        5
 Conjure Ball Lightning   Conj/Air       0%         3x3d6     100%        6
 Iron Shot                Conj/Erth      0%         9d1       100%        6
 Spellforged Servitor     Conj/Summ      0%         N/A       100%        7
 Discord                  Hex            0%         N/A       100%        8
 Disjunction              Tloc           0%         N/A       100%        8


Dungeon Overview and Level Annotations

Branches:
Dungeon (7/15) Zot: 1388   Temple (0/1) D:5         Ossuary (visited)

Altars:
Cheibriados
Elyvilon
Fedhas
Hepliaklqana
Vehumet
Xom

Shops:
D:5 *


Innate Abilities, Weirdness & Mutations

You passively map the area around you.
You are easily found by Zot.
You glow in the dark.
You regain HP and MP as you explore.


Message History

The gnoll is severely wounded.
The gnoll barely misses you. The gnoll hits you with a +0 spear. x2
You are too injured to fight recklessly!
You puncture the gnoll!
You kill the gnoll!
The gnoll misses you. The gnoll closely misses you.
You are too injured to fight recklessly!
The gnoll barely misses you. The gnoll misses you.
Your +0 whip completely misses the gnoll.
You see here a +0 spear.
You are too injured to fight recklessly!
You hit the gnoll.
The gnoll is moderately wounded.
The gnoll closely misses you.
Your +0 whip misses the gnoll.
You block the gnoll's attack.
You are too injured to fight recklessly!
You hit the gnoll but do no damage.
The gnoll is moderately wounded.
Your +0 whip barely misses the gnoll.
The gnoll barely misses you. The gnoll hits you but does no damage.
You puncture the gnoll!
The gnoll is severely wounded.
The gnoll is no longer moving quickly.
Your +0 whip hits the gnoll!
You block the gnoll's attack.
Your +0 whip hits the gnoll!
The gnoll dies!
You puncture the gnoll!
You kill the gnoll!
Found an escape hatch in the ceiling. 2 orcs come into view.
Found 6 gold pieces.
The orc shouts! x2; You hear a shout!
The orc closely misses your +0 whip.
Your +0 whip hits the orc!!
The orc dies!
You swap places.
No target in view!
No target in view!
An orc comes into view. It is wielding a +0 whip.
The orc shouts!
You block the orc's attack.
You see here a +0 morningstar.
You hit the orc.
The orc is heavily wounded.
Your +0 whip falls from the air.
You hit the orc but do no damage.
The orc is heavily wounded.
The orc closely misses you. The orc barely misses you.
You puncture the orc!
You kill the orc!
The orc hits you but does no damage. You block the orc's attack.
The orc barely misses you.
Things that are here:
a +0 whip; 6 gold pieces You hit the orc.
The orc is severely wounded.
The orc hits you with a +0 war axe!
You hit the orc.
You kill the orc!
No target in view!
No target in view!
A scorpion comes into view.
Xom plays with reality for a moment.
You begin to radiate toxic energy.
The scorpion is poisoned.
Found a club.
The scorpion looks even sicker.
You kill the scorpion!
No target in view!
No target in view!
Your toxic aura wanes.
A centaur comes into view.
It is wielding the +5 long sword "Xeluypuam" {speed, *Rage rPois Will++} and carrying a wand of mindburst (12).
The centaur unwields the +5 long sword "Xeluypuam" {speed, *Rage rPois Will++}.
The centaur wields a +0 shortbow.
The centaur shoots an arrow.
The arrow hits you.
Found 15 gold pieces.
The centaur unwields a +0 shortbow.
The centaur wields the +5 long sword "Xeluypuam" {speed, *Rage rPois Will++}.
The centaur hits you with the +5 long sword "Xeluypuam" {speed, *Rage rPois Will++}.
The centaur misses you.
The centaur goes berserk!
Xom thinks this is hilarious!
The centaur barely misses you. x2
You barely miss the centaur. The centaur closely misses you.
The centaur kicks you but does no damage.
The centaur closely misses you. The centaur misses you.
The centaur hits you with the +5 long sword "Xeluypuam" {speed, *Rage rPois Will++}!!
The centaur kicks you but does no damage.
The centaur hits you with the +5 long sword "Xeluypuam" {speed, *Rage rPois Will++}!
The centaur kicks you but does no damage.
You are too injured to fight recklessly!
You are too injured to fight recklessly!
You are too injured to fight recklessly!
You closely miss the centaur.
The centaur hits you with the +5 long sword "Xeluypuam" {speed, *Rage rPois Will++}!
The centaur kicks you.
The centaur hits you with the +5 long sword "Xeluypuam" {speed, *Rage rPois Will++}!!
* * * LOW HITPOINT WARNING * * *
The centaur kicks you but does no damage.
The centaur hits you with the +5 long sword "Xeluypuam" {speed, *Rage rPois Will++}!
* * * LOW HITPOINT WARNING * * *
The centaur misses you.
The centaur hits you with the +5 long sword "Xeluypuam" {speed, *Rage rPois Will++}!
You die...
Xom chuckles heartily!

#.#.....#...###...# ,,
, ...#....#....#.###.#
, ...##...#.....# .##
** ...#.###.#....#,
..## #.#.....###...#
... * ,
#.#......#.###.# .$ *
* #.#.....#.....###.
,##
.#......#......#c###.#
*,*
.##.....#.....#.@...##
* *
.#.###.#......#......#
, #..
..###.....#.....#..# *
#..,...#.###.#......#,
# * # , ,
#.....###.....#, * , *
. ...#......#.###.## ,
* #. ...#..<..#.....##
* * * *
.###.#......#......# ,
* ....###....)#)....##
* *


You could see a centaur (berserk).

Vanquished Creatures
  Menkaure (D:5)
  A black bear (D:6)
  An ice beast (D:5)
  An ogre (D:6)
  5 centaurs
  A phantom (D:5)
  3 necrophages
  2 scorpions
  A howler monkey (D:6)
  2 centaur zombies (Ossuary)
  A jelly (D:6)
  A hound (D:5)
  A gnoll bouda (D:7)
  Ijyb (D:3)
  3 iguanas
  3 mummies
  8 adders
  10 gnolls
  2 ufetubi (D:5)
  2 worms
  17 orcs
  5 endoplasms
  A giant cockroach (D:1)
  11 goblins
  7 hobgoblins
  3 jackals (D:1)
  3 quokkas
  9 ball pythons
  7 bats
  2 frilled lizards
  A goblin zombie (Ossuary)
  9 hobgoblin zombies (Ossuary)
  4 jackal zombies (Ossuary)
  13 kobolds
  9 kobold zombies (Ossuary)
  4 orc zombies (Ossuary)
  3 rats
  A spectral goblin (D:1)
159 creatures vanquished.

Vanquished Creatures (collateral kills)
  An ice beast (D:7)
  A black bear (D:7)
  A human zombie (Ossuary)
  A gnoll bouda (D:7)
  7 gnolls
  3 orcs
  9 goblins (D:6)
  A hobgoblin (D:6)
  2 hobgoblin zombies (Ossuary)
  A kobold (D:6)
  3 kobold zombies (Ossuary)
  A rat zombie (Ossuary)
31 creatures vanquished.

Vanquished Creatures (others)
  An orc wizard (D:3)
  2 plants (D:6)
3 creatures vanquished.

Grand Total: 193 creatures vanquished

Notes
Turn   | Place    | Note
-------+----------+-------------------------------------------
     0 | D:1      | Flugkiller the Meteoran Chaos Knight began the quest for
                  | the Orb.
     0 | D:1      | Reached XP level 1. HP: 19/19 MP: 2/2
    80 | D:1      | Reached XP level 2. HP: 20/26 MP: 3/3
   120 | D:1      | Reached skill level 1 in Long Blades
   132 | D:1      | Reached skill level 2 in Dodging
   182 | D:1      | Reached XP level 3. HP: 27/31 MP: 4/4
   271 | D:1      | Found a faded altar of an unknown god.
   407 | D:2      | XOM: divination: detect creatures
   408 | D:2      | Reached XP level 4. HP: 40/40 MP: 5/5
   441 | D:2      | Found a blossoming altar of Fedhas.
   561 | D:2      | Reached skill level 3 in Dodging
   561 | D:2      | Reached XP level 5. HP: 46/46 MP: 6/6
   922 | D:3      | Noticed Ijyb
   939 | D:3      | Killed Ijyb
  1043 | D:3      | Reached XP level 6. HP: 42/53 MP: 7/7
  1180 | D:4      | Found a hazy altar of Hepliaklqana.
  1180 | D:4      | Found a snail-covered altar of Cheibriados.
  1245 | D:4      | XOM: enchant monster (good)
  1253 | D:4      | Found a white marble altar of Elyvilon.
  1288 | D:4      | XOM: swap monsters
  1297 | D:4      | Reached skill level 4 in Dodging
  1338 | D:4      | Found a radiant altar of Vehumet.
  1374 | D:5      | Entered Level 5 of the Dungeon
  1386 | D:5      | XOM: 2-stop teleportation journey
  1430 | D:5      | Found a sand-covered staircase.
  1440 | D:5      | Reached skill level 5 in Fighting
  1453 | Ossuary  | Entered an ossuary
  1506 | Ossuary  | XOM: god gift: glaive {god gift}
  1535 | Ossuary  | XOM: summons 4 friendly demons
  1546 | Ossuary  | Reached XP level 7. HP: 52/61 MP: 8/8
  1549 | Ossuary  | XOM: smoke on damage
  1559 | Ossuary  | Reached skill level 5 in Dodging
  1579 | Ossuary  | XOM: enchant monster (good)
  1587 | Ossuary  | XOM: summons friendly crimson imp
  1597 | Ossuary  | Reached skill level 1 in Evocations
  1756 | D:5      | Found Ythy's Overcharged Wands.
  1788 | D:5      | XOM: cast spell 'Summon Horrible Things'
  1808 | D:5      | Found a shimmering altar of Xom.
  1813 | D:5      | XOM: cloud trail
  1820 | D:5      | XOM: scenery: summon butterflies
  1826 | D:5      | XOM: divination: detect creatures
  1965 | D:5      | XOM: enchant monster (good)
  1969 | D:5      | Reached skill level 5 in Evocations
  1969 | D:5      | Reached XP level 8. HP: 25/68 MP: 9/9
  1970 | D:5      | Found a staircase to the Ecumenical Temple.
  2081 | D:5      | XOM: summons 4 hostile demons
  2159 | D:5      | Reached skill level 6 in Dodging
  2205 | D:5      | Noticed Menkaure
  2214 | D:5      | Killed Menkaure
  2215 | D:5      | Reached skill level 7 in Dodging
  2282 | D:6      | XOM: smoke on damage
  2286 | D:6      | XOM: confuse monster(s)
  2291 | D:6      | XOM: summons friendly white imp
  2400 | D:6      | XOM: summons 5 friendly demons
  2409 | D:6      | Gained mutation: You passively map the area around you.
                  | [Meteoran growth]
  2409 | D:6      | Reached XP level 9. HP: 72/78 MP: 10/10
  2427 | D:6      | XOM: chaos upgrade
  2507 | D:6      | XOM: 4-stop teleportation journey
  2604 | D:6      | Reached skill level 1 in Shields
  2664 | D:6      | XOM: confusion (+ monsters)
  2668 | D:6      | XOM: confusion (+ monsters)
  2674 | D:6      | XOM: cast spell 'Discord'
  2937 | D:7      | Reached skill level 8 in Dodging
  2969 | D:7      | Identified the +2 robe of Viexteymp {Harm rN+ Archmagi}
  3097 | D:7      | XOM: cast spell 'Olgreb's Toxic Radiance'
  3128 | D:7      | Identified the +5 long sword "Xeluypuam" {speed, *Rage
                  | rPois Will++}
  3132 | D:7      | HP: 3/79 [centaur/the +5 long sword "Xeluypuam" {speed,
                  | *Rage rPois Will++} (8)]
  3132 | D:7      | Mangled by a centaur

Illustrated notes

Levels and vault maps discovered:
D:1:      heliophobic_arrival_dark_side_of_the_moon, layout_basic,
          dreamdust_ecumenical_altar_drowned_temple
D:2:      layout_rooms, basic_altar
D:3:      layout_basic, minmay_liquid_box, uniq_ijyb
D:4:      layout_loops_ring, mainiacjoe_overflow_alcove_1,
          nicolae_vehumet_altar_sigil, minitemple, kennysheep_opposing_triangles
D:5:      layout_loops_ring, mainiacjoe_overflow_concentric_impassable,
          temple_hall, gup_ossuary_entry_pyramid,
          nicolae_shop_overcharged_wands, uniq_menkaure
D:6:      corexii_shantytown, layout_basic, minmay_ogre_servants
D:7:      nicolae_BIG_FREAKIN_CUBE, layout_loops_ring

Skill      XL: |  1  2  3  4  5  6  7  8  9 |
---------------+----------------------------+-----
Long Blades    | 1 2 3 4 |  4.3
Dodging        | 2 3 4 5 7 8 |  8.4
Fighting       | 4 5 6 7 |  7.0
Evocations     | 5 6 |  6.8
Shields        | 4 |  4.2
Short Blades   | |  3.2
Armour         | |  2.4

Action                   |  1- 3 |  4- 6 |  7- 9 || total
-------------------------+-------+-------+-------++-------
Melee: Short sword       |   115 |   202 |   258 ||   575
       Punch             |     1 |     2 |     1 ||     4
       Rapier            |       |       |   130 ||   130
Evoke: Piece from Xom's  |     1 |       |       ||     1
       Wand              |       |     4 |     8 ||    12
  Use: Scroll            |       |     6 |     3 ||     9
 Stab: Distracted        |       |     1 |     5 ||     6
       Paralysed         |       |       |     1 ||     1
Armor: Leather armour    |    49 |    68 |   154 ||   271
Dodge: Dodged            |    67 |   109 |   287 ||   463
Block: Buckler           |       |       |    25 ||    25

Table legend: (Time is in decaauts)
 A = Elapsed time spent in this place.
 B = Non-inter-level travel time spent in this place.
 C = Inter-level travel time spent in this place.
 D = Time resting spent in this place.
 E = Time spent auto-exploring this place.
 F = Levels seen in this place.
 G = Mean time per level.
                   A        B        C        D        E       F      G
               +--------+--------+--------+--------+--------+-----+--------+
         Total |   3025 |   2921 |    104 |      0 |      0 |   8 |  378.1 |
       Dungeon |   2810 |   2706 |    104 |      0 |      0 |   7 |  401.4 |
       Ossuary |    214 |    214 |      0 |      0 |      0 |   1 |  214.0 |
               +--------+--------+--------+--------+--------+-----+--------+

Top non-repeatable levels by time:
     D:6: 592 daAuts
     D:5: 588 daAuts
     D:3: 442 daAuts
     D:1: 334 daAuts
     D:2: 323 daAuts
     D:7: 278 daAuts
     D:4: 249 daAuts
 Ossuary: 214 daAuts
